 Dungeon Crawl Stone Soup version 0.29-a0-519-g90894fa (webtiles) character file.

Game seed: 12313336692062535714

5 Toastz the Slasher (level 1, 0/16 HPs)
             Began as a Demonspawn Gladiator on May 30, 2022.
             Slain by a hobgoblin (3 damage)
             ... on level 1 of the Dungeon.
             The game lasted 00:00:22 (135 turns).

Toastz the Slasher (Demonspawn Gladiator)            Turns: 135, Time: 00:00:22

Health: 0/16       AC:  4    Str: 14    XL:     1   Next: 66%
Magic:  1/1        EV: 12    Int:  9    God:
Gold:   16         SH:  0    Dex: 14    Spells: 0/0 levels left

rFire   . . .      SeeInvis .   a - +0 long sword
rCold   . . .      Faith    .   (no shield)
rNeg    . . .      Spirit   .   b - +0 leather armour
rPois   .          Reflect  .   c - +0 helmet
rElec   .          Harm     .   (no cloak)
rCorr   .          Rampage  .   (no gloves)
Will    .....                   (no boots)
Stlth   +.........              (no amulet)
HPRegen 0.05/turn               (no ring)
MPRegen 0.07/turn               (no ring)

@: no status effects
A: no striking features
a: no special abilities


You were on level 1 of the Dungeon.
You visited 1 branch of the dungeon, and saw 1 of its levels.

You collected 16 gold pieces.

Inventory:

Hand Weapons
 a - a +0 long sword (weapon)
Missiles
 d - 3 throwing nets (quivered)
 e - a javelin
Armour
 b - a +0 leather armour (worn)
 c - a +0 helmet (worn)
Scrolls
 f - a scroll of amnesia {unknown}
 g - a scroll of poison {unknown}
 j - a scroll of identify {unknown}
Potions
 h - a potion of curing {unknown}
 i - a potion of ambrosia {unknown}


   Skills:
 + Level 2.1 Fighting
 * Level 3.0 Long Blades
 - Level 1.7 Throwing
 - Level 2.6 Dodging


You couldn't memorise any spells.
You didn't know any spells.
Your spell library was empty.

Dungeon Overview and Level Annotations

Branches:
Dungeon (1/15)

Altars:


Message History

The endoplasm barely misses you. The dart slug barely misses you.
You hit the endoplasm.
The endoplasm is severely wounded.
The endoplasm hits you. The endoplasm freezes you.
You are frozen.
The hobgoblin barely misses you.
You hit the endoplasm but do no damage.
The endoplasm is severely wounded.
The dart slug bites you. The endoplasm barely misses you.
A rat comes into view.
The hobgoblin barely misses you.
You hit the endoplasm.
You kill the endoplasm!
The hobgoblin misses you. The dart slug barely misses you.
A giant cockroach comes into view.
Your Long Blades skill increases to level 3!
The hobgoblin attacks as you move away! The hobgoblin barely misses you.
The dart slug launches a dart at you. The slug dart misses you.
The hobgoblin attacks as you move away! The hobgoblin closely misses you.
The dart slug briefly extends its eye-stalks.
The hobgoblin attacks as you move away! The hobgoblin misses you.
The dart slug launches a dart at you. The slug dart misses you.
A hobgoblin comes into view.
The hobgoblin shouts!
You hear an angry hiss.
You closely miss the hobgoblin. The hobgoblin misses you.
You hit the hobgoblin.
The hobgoblin is moderately wounded.
The hobgoblin hits you. x2
You hit the hobgoblin but do no damage.
The hobgoblin is moderately wounded.
The hobgoblin hits you. x2
* * * LOW HITPOINT WARNING * * *
A ball python comes into view.
You hit the hobgoblin.
The hobgoblin is moderately wounded.
A ball python comes into view.
The hobgoblin hits you.
You die...

#....# .......# #....#
#......#
#....###......##
+.....S........B
#....$...†)...## #+
#....B..........
..#.##
#.......###.#...
..S...###.w..##### .#
..
......g@gr...........
###.#..##....###......
#.##.##....# .. ..
#..........+ ...
####..#....# ##.#)...#
#...#### ##..# #..#


You could see a dart slug, a giant cockroach, 2 hobgoblins, 2 ball pythons and a
rat.

Vanquished Creatures
  An endoplasm (D:1)
  A giant cockroach (D:1)
  2 kobolds (D:1)
  A ball python (D:1)
5 creatures vanquished.

Notes
Turn   | Place    | Note
-------+----------+-------------------------------------------
     0 | D:1      | Toastz the Demonspawn Gladiator began the quest for the
                  | Orb.
     0 | D:1      | Reached XP level 1. HP: 16/16 MP: 1/1
   122 | D:1      | Reached skill level 3 in Long Blades
   135 | D:1      | Slain by a hobgoblin

Illustrated notes

Levels and vault maps discovered:
D:1:      lemuel_arrival_river_passageway, layout_basic, serial_shops,
          nicolae_shop_bloodbath_and_beyond, shop, nicolae_shop_hallway_plus,
          shop, shop

Skill      XL: |  1 |
---------------+----+-----
Long Blades    | 3 |  3.0
Fighting       | |  2.1
Throwing       | |  1.7
Dodging        | |  2.6

Action                   || total
-------------------------++-------
Melee: Long sword        ||    21
Armor: Leather armour    ||    10
Dodge: Dodged            ||    16

Table legend: (Time is in decaauts)
 A = Elapsed time spent in this place.
 B = Non-inter-level travel time spent in this place.
 C = Inter-level travel time spent in this place.
 D = Time resting spent in this place.
 E = Time spent auto-exploring this place.
 F = Levels seen in this place.
 G = Mean time per level.
                   A        B        C        D        E       F      G
               +--------+--------+--------+--------+--------+-----+--------+
         Total |    145 |    145 |      0 |      0 |     90 |   1 |  145.0 |
       Dungeon |    145 |    145 |      0 |      0 |     90 |   1 |  145.0 |
               +--------+--------+--------+--------+--------+-----+--------+

Top non-repeatable levels by time:
     D:1: 145 daAuts
